 Dungeon Sprint DCSS version 0.27-a0-1188-g73eefd5def (webtiles) character file.

Game seed: 433637528437307537

1304 Zeld the Carver (level 8, 0/63 HPs)
             Began as an Octopode Monk on May 21, 2021.
             Was a Priest of Qazlal.
             Slain by a catoblepas (6 damage)
             ... in the Dungeon (Sprint IX: "|||||||||||||||||||||||||||||").
             The game lasted 00:02:31 (1445 turns).

Zeld the Carver (Octopode Monk)                     Turns: 1445, Time: 00:02:32

Health: 0/63       AC:  3    Str: 13    XL:     8   Next: 57%
Magic:  8/8        EV: 18    Int: 12    God:    Qazlal [***...]
Gold:   0          SH:  4    Dex: 17    Spells: 7/7 levels left

rFire    . . .     SeeInvis .   l - +2 scimitar (flame)
rCold    . . .     Faith    .   (no shield)
rNeg     . . .     Spirit   .   (helmet restricted)
rPois    .         Reflect  .   (no amulet)
rElec    .         Harm     .   k - +2 ring of protection
rCorr    .         Rampage  .   j - +3 ring of dexterity
Will     .....     NoTele   +   (no ring)
Stlth    ++........             (no ring)
HPRegen  0.20/turn              (no ring)
MPRegen  0.11/turn              (no ring)
                                (no ring)
                                (no ring)

@: no status effects
A: almost no armour, amphibious, 8 rings, camouflage 1, gelatinous body 1,
(nimble swimmer 1), tentacles
a: Renounce Religion, Upheaval, Elemental Force


You were in the Dungeon.
You worshipped Qazlal.
Qazlal was most pleased with you.
You visited 1 branch

Inventory:

Hand Weapons
 l - a +2 scimitar of flaming (weapon)
Jewellery
 j - a +3 ring of dexterity (right tentacle)
 k - a +2 ring of protection (left tentacle)
Wands
 i - a wand of acid (6)
Scrolls
 g - a scroll of blinking
 h - 2 scrolls of amnesia
Potions
 b - 5 potions of curing
 c - 3 potions of heal wounds
 d - a potion of haste
 e - 3 potions of magic


   Skills:
 * Level 9.0 Fighting
 - Level 14.0 Long Blades
 * Level 9.0 Dodging
 - Level 2.6 Stealth


You had 7 spell levels left.
You didn't know any spells.
Your spell library was empty.

Dungeon Overview and Level Annotations

Branches:
Dungeon (1/1)

Altars:
Cheibriados
Dithmenos
Elyvilon
Fedhas
Gozag
Hepliaklqana
Kikubaaqudgha
Makhleb
Nemelex Xobeh
Okawaru
Qazlal
Ru
Sif Muna
Trog
Uskayaw
Vehumet
Wu Jian
Xom
Yredelemnul
Zin
The Shining One
Beogh
Jiyva
Lugonu


Innate Abilities, Weirdness & Mutations

You cannot wear most types of armour.
You are amphibious.
You can wear up to eight rings at the same time.
Your skin changes colour to match your surroundings (Stealth+).
Your rubbery body absorbs attacks. (AC +1, EV +1)
((You are camouflaged near water. (Stealth+)))
You have tentacles for arms and can constrict up to eight enemies at once.


Message History

The catoblepas is moderately wounded.
You barely miss the catoblepas.
The catoblepas is moderately wounded.
The catoblepas gores you!
Unknown command.
You slash the catoblepas! You burn the catoblepas.
The catoblepas is moderately wounded.
The catoblepas gores you!!
* * * LOW HITPOINT WARNING * * *
You are too injured to fight recklessly!
You are too injured to fight recklessly!
Unknown command.
You are too injured to fight recklessly!
You hit the catoblepas. You burn the catoblepas.
You squeeze the catoblepas, but do no damage.
The catoblepas is heavily wounded.
Unknown command.
You hit the catoblepas but do no damage.
You squeeze the catoblepas, but do no damage.
The catoblepas is heavily wounded.
The catoblepas gores you.
* * * LOW HITPOINT WARNING * * *
Unknown command.
You hit the catoblepas but do no damage.
You squeeze the catoblepas, but do no damage.
The catoblepas is heavily wounded.
The catoblepas gores you but does no damage.
Unknown command.
You hit the catoblepas. You burn the catoblepas.
The catoblepas is heavily wounded.
The catoblepas barely misses you.
You riposte.
You hit the catoblepas. You burn the catoblepas.
The catoblepas is heavily wounded.
You hit the catoblepas but do no damage.
You squeeze the catoblepas, but do no damage.
The catoblepas is heavily wounded.
You hit the catoblepas. You burn the catoblepas. You squeeze the catoblepas.
The catoblepas is severely wounded.
The catoblepas gores you.
You die... ▓▓▓▓▓▓▓▓▓▓▓▓▓▓▓▓▓▓▓▓▓▓▓▓ ..).[[[..)......@YDHTEe+ ▓▓▓▓▓▓▓▓▓▓▓▓▓▓▓▓▓▓▓▓▓▓▓▓

You could see a catoblepas, a manticore, a deep elf pyromancer, a troll, a fire elemental (summoned) and an acid dragon.

Vanquished Creatures
  A hydra (D)
  A troll (D)
  2 orc warriors (D)
  A phantom (D)
  A gnoll sergeant (D)
  A howler monkey (D)
  An orc priest (D)
  An adder (D)
  An orc (D)
  A ball python (D)
  A bat skeleton (D)
  An endoplasm (D)
  A goblin (D)
  A kobold (D)
  A ball python zombie (D)
  A bat (D)
17 creatures vanquished.

Notes
Turn   | Place    | Note
-------+----------+-------------------------------------------
     0 | D        | Zeld the Octopode Monk began the quest for the Orb.
     0 | D        | Reached XP level 1. HP: 16/16 MP: 1/1
     9 | D        | Reached skill level 4 in Long Blades
   282 | D        | Noticed a phantom
   282 | D        | Noticed a gnoll sergeant
   287 | D        | Killed a phantom
   288 | D        | Reached skill level 9 in Long Blades
   288 | D        | Reached XP level 2. HP: 21/21 MP: 2/2
   288 | D        | Reached XP level 3. HP: 26/26 MP: 3/3
   288 | D        | Reached XP level 4. HP: 31/31 MP: 4/4
   296 | D        | Killed a gnoll sergeant
   297 | D        | Reached skill level 10 in Long Blades
   297 | D        | Reached XP level 5. HP: 18/36 MP: 5/5
   681 | D        | Found a snail-covered altar of Cheibriados.
   681 | D        | Found a shadowy altar of Dithmenos.
   681 | D        | Found a white marble altar of Elyvilon.
   681 | D        | Found a blossoming altar of Fedhas.
   681 | D        | Found an opulent altar of Gozag.
   682 | D        | Found a hazy altar of Hepliaklqana.
   683 | D        | Found a viscous altar of Jiyva.
   684 | D        | Found an ancient bone altar of Kikubaaqudgha.
   685 | D        | Found a corrupted altar of Lugonu.
   686 | D        | Found a burning altar of Makhleb.
   687 | D        | Found a sparkling altar of Nemelex Xobeh.
   688 | D        | Found an iron altar of Okawaru.
   689 | D        | Found a stormy altar of Qazlal.
   690 | D        | Found a sacrificial altar of Ru.
   691 | D        | Found a shimmering blue altar of Sif Muna.
   692 | D        | Found a bloodstained altar of Trog.
   693 | D        | Found a hide-covered altar of Uskayaw.
   694 | D        | Found a radiant altar of Vehumet.
   695 | D        | Found an ornate altar of the Wu Jian Council.
   696 | D        | Found a shimmering altar of Xom.
   697 | D        | Became a worshipper of Qazlal Stormbringer
   697 | D        | Reached * piety under Qazlal
   697 | D        | Reached ** piety under Qazlal
   698 | D        | Found a basalt altar of Yredelemnul.
   699 | D        | Found a glowing silver altar of Zin.
   700 | D        | Found a glowing golden altar of the Shining One.
   741 | D        | Noticed a troll
   741 | D        | Noticed an orc warrior
   741 | D        | Noticed an orc warrior
   743 | D        | Reached skill level 11 in Long Blades
   756 | D        | Killed a troll
   757 | D        | Reached skill level 13 in Long Blades
   757 | D        | Reached XP level 6. HP: 12/42 MP: 1/6
   757 | D        | Killed an orc warrior
   758 | D        | Reached skill level 14 in Long Blades
   758 | D        | Reached XP level 7. HP: 14/48 MP: 1/7
   760 | D        | Reached skill level 5 in Fighting
   760 | D        | Reached skill level 5 in Dodging
   762 | D        | Reached *** piety under Qazlal
   987 | D        | Noticed a four-headed hydra
   987 | D        | Noticed a catoblepas
   987 | D        | Noticed a manticore
   987 | D        | Noticed a deep elf pyromancer
   987 | D        | Noticed a troll
   992 | D        | Killed a one-headed hydra
   993 | D        | Reached XP level 8. HP: 15/63 MP: 8/8
  1445 | D        | Slain by a catoblepas

Illustrated notes

Levels and vault maps discovered:
D:        linesprint [early_d, line_temple, items_1, d_10, items_2, lair_1,
          lair_end, items_3, orc_1, orc_end, items_4, d_15, swamp_1, shoals_1,
          snake_1, spider_1, d_20, vaults_1, items_5, swamp_end, shoals_end,
          snake_end, spider_end, vaults_end, d_27, items_6, zot_1, zot_end,
          crypt_end, forest_end, elf_end, slime_end, tomb_end, abyss_end,
          pan_hell_end]

Skill      XL: |  1  2  3  4  5  6  7 |
---------------+----------------------+-----
Long Blades    | 9 10 13 14 | 14.0
Fighting       | 4 9 |  9.0
Dodging        | 4 9 |  9.0
Stealth        | |  2.6

Action                   |  1- 3 |  4- 6 |  7- 9 || total
-------------------------+-------+-------+-------++-------
Melee: Falchion          |    13 |     9 |       ||    22
       Constrict         |     3 |     2 |       ||     5
       Tentacles         |     3 |     2 |     7 ||    12
       Scimitar          |       |     3 |    18 ||    21
Invok: Upheaval          |       |     2 |       ||     2
Evoke: Wand              |       |     3 |     1 ||     4
  Use: Potion            |     1 |     2 |       ||     3
       Scroll            |       |     1 |       ||     1
 Stab: Sleeping          |     1 |       |       ||     1
Armor: Skin              |       |     1 |     2 ||     3
Dodge: Dodged            |     6 |     3 |     5 ||    14
Block: Other             |       |       |     1 ||     1
       Rpst.: Falchion   |     1 |       |       ||     1
       Scimitar          |       |       |     2 ||     2

Table legend: (Time is in decaauts)
 A = Elapsed time spent in this place.
 B = Non-inter-level travel time spent in this place.
 C = Inter-level travel time spent in this place.
 D = Time resting spent in this place.
 E = Time spent auto-exploring this place.
 F = Levels seen in this place.
 G = Mean time per level.
                   A        B        C        D        E       F      G
               +--------+--------+--------+--------+--------+-----+--------+
         Total |   1445 |   1445 |      0 |   1295 |      0 |   1 | 1445.0 |
       Dungeon |   1445 |   1445 |      0 |   1295 |      0 |   1 | 1445.0 |
               +--------+--------+--------+--------+--------+-----+--------+

Top non-repeatable levels by time:
       D: 1445 daAuts
